 Dungeon Crawl Stone Soup version 0.23-a0-335-gba3dfdf (webtiles) character file.

100429 epen the Covert (level 16, -4/126 HPs)
             Began as a Gnoll Assassin on Oct 17, 2018.
             Was a High Priest of Nemelex Xobeh.
             Shot with an arrow by Vashnia (21 damage)
             ... on level 2 of the Snake Pit on Oct 18, 2018.
             The game lasted 01:25:04 (38000 turns).

epen the Covert (Gnoll Assassin)                   Turns: 38000, Time: 01:25:04

Health: -4/126     AC: 13    Str: 22    XL:     16   Next: 27%
Magic:  30/30      EV: 17    Int: 21    God:    Nemelex Xobeh [*****.]
Gold:   1090       SH:  6    Dex: 13    Spells: 25/36 levels left

rFire    + + +     SeeInvis +   U - +9 trident "Embalmer" {pain, rC+ MR+ Int+3 Stlth+}
rCold    + + +     Gourm    .   Y - +0 buckler "Kisyuppa" {*Corrode rElec MR+}
rNeg     . . .     Faith    +   G - +6 ring mail of Inquiry {rF++}
rPois    +         Spirit   .   n - +0 helmet {SInv}
rElec    +         Reflect  .   r - scarf {rC+ rF+}
rCorr    .         Harm     .   O - +1 pair of gloves of Tinais {rF+ rC+ SInv Stlth-}
MR       +++++     Rnd*Tele +   J - +3 pair of boots of Exclusion {MR+ Str+3 Dex-4}
Stlth    ++++......             w - amulet of faith
HPRegen  0.31/turn              P - ring of poison resistance
MPRegen  0.22/turn              W - ring of the Mage {Wiz MR++ Int+3}

@: about to teleport, corroded
A: distributed training, fangs 1, teleportitis 1, MP-powered wands, strong nose
a: Triple Draw, Deal Four, Stack Five, Renounce Religion


You were on level 2 of the Snake Pit.
You worshipped Nemelex Xobeh.
Nemelex Xobeh was extremely pleased with you.
You were not hungry.

You visited 4 branches of the dungeon, and saw 24 of its levels.
You also visited: Labyrinth and Sewer.

You collected 1793 gold pieces.
You spent 703 gold pieces at shops.

Inventory:

Hand Weapons
 U - the +9 trident "Embalmer" (weapon) {pain, rC+ MR+ Int+3 Stlth+}
   (You took it off a spriggan on level 5 of the Lair of Beasts)

   In the hands of one skilled in necromantic magic, it inflicts extra damage on
   living creatures.
   It affects your intelligence (+3).
   It protects you from cold.
   It affects your resistance to hostile enchantments.
   It makes you more stealthy.
Missiles
 E - 2 throwing nets (quivered)
Armour
 n - a +0 helmet of see invisible (worn)
 r - a scarf of resistance (worn)
 G - the +6 ring mail of Inquiry (worn) {rF++}
   (You found it on level 1 of the Lair of Beasts)

   It greatly protects you from fire.
 J - the +3 pair of boots of Exclusion (worn) {MR+ Str+3 Dex-4}
   (You acquired it on level 13 of the Dungeon)

   It affects your strength (+3).
   It affects your dexterity (-4).
   It affects your resistance to hostile enchantments.
 O - the +1 pair of gloves of Tinais (worn) {rF+ rC+ SInv Stlth-}
   (You acquired it on level 9 of the Dungeon)

   It protects you from fire.
   It protects you from cold.
   It lets you see invisible.
   It makes you less stealthy.
 Y - the +0 buckler "Kisyuppa" (worn) {*Corrode rElec MR+}
   (You bought it in a shop on level 9 of the Dungeon)

   It insulates you from electricity.
   It affects your resistance to hostile enchantments.
   It may corrode you when you take damage.
Jewellery
 v - an uncursed ring of positive energy
 w - an amulet of faith (around neck)
 P - a ring of poison resistance (left hand)
 W - the ring of the Mage (right hand) {Wiz MR++ Int+3}
   (You found it in a labyrinth)

   [ring of wizardry]

   It improves your spell success rate.
   It affects your intelligence (+3).
   It affects your resistance to hostile enchantments.
 Z - an uncursed ring of protection from magic
Wands
 e - a wand of disintegration (10)
 f - a wand of random effects (14)
 y - a wand of clouds (14)
 C - a wand of flame (23)
 D - a wand of acid (11)
 F - a wand of iceblast (28)
 H - a wand of paralysis (26)
 T - a wand of digging (27)
Scrolls
 a - 2 scrolls of enchant armour
 c - 2 scrolls of holy word
 d - 3 scrolls of enchant weapon
 h - 6 scrolls of magic mapping
 i - 3 scrolls of blinking
 j - 12 scrolls of remove curse
 k - 2 scrolls of fog
 m - 12 scrolls of teleportation
 t - 7 scrolls of identify
 u - 3 scrolls of immolation
 M - 5 scrolls of fear
 R - 3 scrolls of amnesia
Potions
 o - 6 potions of haste
 p - a potion of curing
 s - 5 potions of flight
 x - 3 potions of agility
 z - a potion of berserk rage
 A - 2 potions of ambrosia
 B - 3 potions of magic
 I - a potion of invisibility
 K - 2 potions of might
 L - 3 potions of cancellation
 X - 2 potions of lignification
Miscellaneous
 b - a legendary deck of escape {drawn: 5}
 l - a plain deck of summoning
 q - an ornate deck of escape {drawn: 7}
 N - a legendary deck of summoning {drawn: 5}
 Q - a legendary deck of destruction {drawn: 1}
 V - an ornate deck of summoning {the Elements, left: 5}
Comestibles
 g - 24 rations


   Skills:
 + Level 11.4 Fighting
 + Level 11.4 Short Blades
 + Level 10.5 Long Blades
 + Level 10.5 Axes
 + Level 10.5 Maces & Flails
 + Level 10.5 Polearms
 + Level 10.5 Staves
 + Level 10.5 Slings
 + Level 10.5 Bows
 + Level 10.5 Crossbows
 + Level 11.4 Throwing
 + Level 10.5 Armour
 + Level 10.8 Dodging
 + Level 12.7 Stealth
 + Level 10.5 Shields
 + Level 10.5 Unarmed Combat
 + Level 10.5 Spellcasting
 + Level 8.9 Conjurations
 + Level 8.9 Hexes
 + Level 8.9 Charms
 + Level 8.9 Summonings
 + Level 8.9 Necromancy
 + Level 8.9 Translocations
 + Level 8.9 Transmutations
 + Level 8.9 Fire Magic
 + Level 8.9 Ice Magic
 + Level 8.9 Air Magic
 + Level 8.9 Earth Magic
 + Level 8.9 Poison Magic
 + Level 11.4 Invocations
 + Level 10.5 Evocations


You had 25 spell levels left.
You knew the following spells:

 Your Spells              Type           Power        Failure   Level  Hunger
a - Spider Form           Tmut/Pois      #####.....   1%          3    None
b - Blade Hands           Tmut           #####.....   2%          5    ####...
c - Regeneration          Chrm/Necr      #####.....   1%          3    None

Your spell library contained the following spells:

 Spells                   Type           Power        Failure   Level  Hunger
 Animate Skeleton         Necr           N/A          1%          1    None
 Apportation              Tloc           #####.       1%          1    None
 Beastly Appendage        Tmut           #####.       1%          1    None
 Confusing Touch          Hex            #####.       1%          1    None
 Corona                   Hex            #####..      1%          1    None
 Flame Tongue             Conj/Fire      #####        1%          1    None
 Pain                     Necr           ####         1%          1    None
 Sting                    Conj/Pois      ####         1%          1    None
 Summon Small Mammal      Summ           ####         1%          1    None
 Ensorcelled Hibernation  Hex/Ice        #####.       1%          2    None
 Poisonous Vapours        Pois/Air       #####.       1%          2    None
 Sticks to Snakes         Tmut           #####...     1%          2    None
 Throw Flame              Conj/Fire      #####.       1%          2    None
 Confuse                  Hex            #####...     1%          3    None
 Conjure Flame            Conj/Fire      #####...     1%          3    None
 Dazzling Spray           Conj/Hex       #####.       1%          3    None
 Inner Flame              Hex/Fire       #####...     1%          3    None
 Mephitic Cloud           Conj/Pois/Air  #####...     1%          3    None
 Tukima's Dance           Hex            #####...     1%          3    None
 Vampiric Draining        Necr           #####.....   1%          3    None
 Animate Dead             Necr           N/A          1%          4    ##.....
 Force Lance              Conj/Tloc      #####...     1%          4    ##.....
 Ice Form                 Ice/Tmut       #####...     1%          4    ##.....
 Olgreb's Toxic Radiance  Pois           #####...     1%          4    ##.....
 Sticky Flame             Conj/Fire      #####...     1%          4    ##.....
 Fireball                 Conj/Fire      #####.....   2%          5    ####...
 Venom Bolt               Conj/Pois      #####.....   2%          5    ####...
 Bolt of Cold             Conj/Ice       #####.....   14%         6    ######.
 Conjure Ball Lightning   Conj/Air       #####.....   14%         6    ######.


Dungeon Overview and Level Annotations

Branches:
Dungeon (15/15)            Temple (1/1) D:5            Lair (6/6) D:11
  Swamp (0/4) Lair:4        Snake (2/4) Lair:2        Slime (0/5) Lair:6
    Orc (0/2) D:11         Vaults (0/5) D:14         Depths (0/5) D:15

Altars:
Ashenzari
Cheibriados
Dithmenos
Elyvilon
Fedhas
Gozag
Hepliaklqana
Kikubaaqudgha
Makhleb
Nemelex Xobeh
Okawaru
Qazlal
Ru
Sif Muna
Trog
Uskayaw
Vehumet
Wu Jian
Xom
Yredelemnul
Zin
The Shining One

Shops:
D:7 :   D:9 *   D:13 ?   D:14 ?   Snake:1 %}

Annotations:
D:6 1 runed door
D:8 2 transporters
D:13 exclusion: orange crystal statue
Lair:2 exclusion: oklob plant
Snake:2 Vashnia


Innate Abilities, Weirdness & Mutations

Your experience applies equally to all skills.
You have very sharp teeth.
Your uncanny sense of smell can sniff out nearby items.
You are occasionally teleported next to monsters.
You expend magic power (3 MP) to strengthen your wands.


Message History

4 bolts; 5 arrows You feel better.
Your deep elf master archer wields a longbow.
Your deep elf master archer shoots an arrow.
The arrow barely misses Vashnia.
Vashnia spits poison at you. The splash of poison hits your faun.
Your faun is poisoned.
Your faun barely misses Vashnia.
Okay, then.
As you read the scroll of teleportation, it crumbles to dust.
You feel strangely unstable.
The naga sharpshooter mumbles some strange words.
The naga sharpshooter magically shoots a bolt.
The bolt hits you.
* * * LOW HITPOINT WARNING * * *
Your deep elf master archer shoots an arrow.
The arrow barely misses Vashnia.
Vashnia shoots an arrow.
The arrow hits you!!
You die...
Your body glows with a rainbow of weird colours and disappears.

####.........## ##....##
##...#
#..)...#####..####....##
#...# .......#
##.........# #....
......## ........>##
##.... ......#
#.........# ##.).##
......# #..##
#...####.N.## .#....##
#..# #......N@.##
.##....#
#(.#####.∩.....N#
.##....##
#..@##N...###..(##
...#<...## ###.(e(NN..##
##((c##
.........###.....ec..##
###c.##
##.............###..##
##(.# ###...........##
#.§## ##.# ###.........#
##§.# ##. #.<......##
#..# ## ##........#
##.## # #.........# #..#
#


You could see Vashnia, a naga sharpshooter, 2 friendly deep elf master archers
and a friendly faun.

Vanquished Creatures
  Agnes (Snake:2)
  Kirke (Snake:2)
  2 naga warriors
  A vault guard (D:14)
  A hydra (D:15)
  Erica (D:8)
  7 two-headed ogres
  5 centaur warriors
  2 anacondas (Snake:1)
  A satyr (shapeshifter) (D:14)
  A deep troll shaman (Lair:6)
  3 death yaks (Lair:6)
  2 ogre magi (D:15)
  2 naga sharpshooters (Snake:1)
  A fire crab (shapeshifter) (D:14)
  A skeletal warrior (D:15)
  2 unseen horrors (D:15)
  A flayed ghost (D:15)
  A swamp dragon (D:15)
  2 naga ritualists (Snake:2)
  Pikel (D:8)
  A necromancer (D:15)
  3 mana vipers
  A manticore (D:14)
  A stone giant zombie (D:15)
  6 ugly things
  A wolf spider (D:14)
  3 cyclopes
  An iron dragon zombie (D:15)
  3 salamanders (Snake:2)
  A guardian serpent (Snake:1)
  A stone giant skeleton (D:15)
  16 black mambas
  Maurice (D:10)
  7 elephants
  6 naga magi
  A gargoyle (D:14)
  7 spiny frogs
  A rime drake (Lair:3)
  5 komodo dragons
  A harpy zombie (D:15)
  4 kobold demonologists
  A tengu conjurer (D:13)
  A hornet (D:8)
  3 polar bears
  3 trolls
  A meliai (shapeshifter) (D:15)
  8 hippogriffs
  A raiju (D:11)
  4 blink frogs (Lair:4)
  A meliai zombie (D:11)
  A bog body (Lair:4)
  2 shadows (D:14)
  4 wraiths
  5 wyverns
  Eustachio (D:6)
  27 yaks
  2 hungry ghosts
  2 basilisks
  5 vampire mosquitoes
  4 hogs (Snake:2)
  8 nagas
  3 soldier ants
  15 water moccasins
  11 porcupines
  7 sky beasts
  8 orc warriors
  3 phantoms
  4 black bears
  4 ice beasts
  A necrophage (D:7)
  A slave (D:8)
  An eye of draining (D:15)
  8 ogres
  A boggart (D:15)
  14 wolves
  11 centaurs
  14 crocodiles
  4 big kobolds
  Blork the orc (D:6)
  20 bullfrogs
  10 scorpions
  4 killer bees
  4 wights
  4 electric eels
  3 howler monkeys
  9 crimson imps
  7 hounds
  8 jellies
  3 bullfrog zombies
  4 centaur zombies
  10 orc priests
  16 orc wizards
  4 centaur skeletons
  An iguana (D:12)
  10 worker ants
  2 bullfrog simulacra (D:10)
  A centaur simulacrum (D:10)
  A hound skeleton (D:6)
  2 worker ant zombies
  Robin (D:4)
  23 adders
  2 shadow imps
  4 white imps (D:10)
  2 ufetubi (D:10)
  9 oozes
  5 worms
  5 dart slugs
  21 leopard geckos
  41 orcs
  20 giant cockroaches
  21 goblins
  9 hobgoblins
  17 jackals
  29 kobolds
  2 quokkas
  6 ball pythons (Sewer)
  10 bats
  19 frilled lizards
  A jackal skeleton (D:6)
  A leopard gecko skeleton (D:8)
  A quokka skeleton (D:6)
  12 rats
  A spectral orc (D:3)
  4 fungi
  18 plants
712 creatures vanquished.

Vanquished Creatures (collateral kills)
  An iron dragon (D:12)
  The ghost of Dukluodd the Unseen, a journeyman HaGl of Dithmenos (Lair:5)
  A minotaur (Lab)
  Josephine (Lair:5)
  6 hydras
  A catoblepas (Lair:6)
  Harold (D:8)
  A death knight (D:13)
  2 anacondas
  5 death yaks (Lair:6)
  3 two-headed ogres (D:15)
  A tengu warrior (D:15)
  A shock serpent (Snake:1)
  4 naga sharpshooters
  Urug (Lair:1)
  A skeletal warrior (D:15)
  2 unseen horrors
  2 naga ritualists
  2 mana vipers (Snake:2)
  A deep elf mage (D:15)
  2 ugly things
  9 elephants
  5 black mambas
  Joseph (D:8)
  A guardian serpent (Snake:1)
  3 spiny frogs
  A gargoyle (D:15)
  3 naga magi (Snake:1)
  A stone giant skeleton (D:15)
  A centaur skeleton (D:14)
  3 freezing wraiths
  A tengu conjurer (D:15)
  A polar bear (D:12)
  2 hornets
  2 trolls
  2 bog bodies (Lair:4)
  A shadow (D:13)
  11 yaks
  2 spriggans (Lair:5)
  2 wraiths
  2 hungry ghosts
  3 water moccasins
  2 nagas
  2 orc warriors
  An ogre (D:15)
  5 boggarts
  A centaur (D:14)
  A wolf (Lair:5)
  3 crocodiles
  A bullfrog (D:15)
  A scorpion (D:8)
  3 killer bees
  An electric eel (D:10)
  8 jellies
  A crimson imp (D:14)
  An orc wizard (D:9)
  2 orc priests
  A hound (D:9)
  An iguana (D:14)
  A centaur simulacrum (D:10)
  3 adders
  An ufetubus (D:10)
  10 orcs
  A jackal (D:5)
  A plant (D:11)
149 creatures vanquished.

Vanquished Creatures (others)
  A naga warrior (Snake:1)
  A minotaur zombie (Lab)
  Grum (Lair:1)
  A vampire mosquito (D:15)
  A water moccasin (D:12)
  2 orc warriors
  3 slaves (D:8)
  An eye of draining (D:15)
  A centaur (D:14)
  2 orc priests
  2 orc wizards
  A ball lightning (D:15)
  7 orcs
  A bush (Lair:6)
  20 fungi
  19 plants
  12 withered plants (D:15)
76 creatures vanquished.

Grand Total: 937 creatures vanquished

Notes
Turn   | Place    | Note
-------+----------+-------------------------------------------
     0 | D:1      | epen the Gnoll Assassin began the quest for the Orb.
     0 | D:1      | Reached XP level 1. HP: 20/20 MP: 1/1
    62 | D:1      | Reached XP level 2. HP: 26/26 MP: 2/2
   338 | D:1      | Reached XP level 3. HP: 31/31 MP: 3/3
   997 | D:1      | Reached skill level 1 in Invocations
  1091 | D:2      | Reached skill level 1 in Long Blades
  1091 | D:2      | Reached skill level 1 in Axes
  1091 | D:2      | Reached skill level 1 in Maces & Flails
  1091 | D:2      | Reached skill level 1 in Polearms
  1091 | D:2      | Reached skill level 1 in Staves
  1091 | D:2      | Reached skill level 1 in Slings
  1091 | D:2      | Reached skill level 1 in Bows
  1091 | D:2      | Reached skill level 1 in Crossbows
  1091 | D:2      | Reached skill level 1 in Armour
  1091 | D:2      | Reached skill level 1 in Shields
  1091 | D:2      | Reached skill level 1 in Unarmed Combat
  1091 | D:2      | Reached skill level 1 in Spellcasting
  1091 | D:2      | Reached skill level 1 in Evocations
  1091 | D:2      | Reached XP level 4. HP: 38/38 MP: 5/5
  1214 | D:2      | Reached skill level 1 in Conjurations
  1214 | D:2      | Reached skill level 1 in Hexes
  1214 | D:2      | Reached skill level 1 in Charms
  1214 | D:2      | Reached skill level 1 in Summonings
  1214 | D:2      | Reached skill level 1 in Necromancy
  1214 | D:2      | Reached skill level 1 in Translocations
  1214 | D:2      | Reached skill level 1 in Transmutations
  1214 | D:2      | Reached skill level 1 in Fire Magic
  1214 | D:2      | Reached skill level 1 in Ice Magic
  1214 | D:2      | Reached skill level 1 in Air Magic
  1214 | D:2      | Reached skill level 1 in Earth Magic
  1214 | D:2      | Reached skill level 1 in Poison Magic
  1304 | D:2      | Noticed a centaur
  1311 | D:2      | Killed a centaur
  1311 | D:2      | Reached XP level 5. HP: 34/43 MP: 5/7
  1894 | D:3      | Found a basalt altar of Yredelemnul.
  2105 | D:3      | Reached skill level 8 in Stealth
  2116 | D:3      | Reached XP level 6. HP: 46/50 MP: 8/8
  2942 | D:3      | Found a faded altar of an unknown god.
  3088 | D:3      | Reached skill level 5 in Fighting
  3088 | D:3      | Reached skill level 5 in Short Blades
  3088 | D:3      | Reached skill level 5 in Throwing
  3103 | D:3      | Reached XP level 7. HP: 24/56 MP: 10/10
  4104 | D:4      | Noticed Robin
  4148 | D:4      | Killed Robin
  4484 | D:5      | Entered Level 5 of the Dungeon
  4575 | D:5      | Found a glowing drain.
  4599 | Sewer    | Entered a sewer
  5040 | Sewer    | Reached XP level 8. HP: 62/63 MP: 12/12
  5454 | D:5      | Noticed a troll
  5458 | D:5      | Killed a troll
  6163 | D:5      | Found a staircase to the Ecumenical Temple.
  6184 | Temple   | Entered the Ecumenical Temple
  6265 | Temple   | Became a worshipper of Nemelex Xobeh the Trickster
  6279 | D:5      | Received a gift from Nemelex Xobeh
  6569 | D:5      | Reached XP level 9. HP: 43/69 MP: 14/14
  7517 | D:6      | Reached * piety under Nemelex Xobeh
  7675 | D:6      | Noticed Blork the orc
  7685 | D:6      | Killed Blork the orc
  7864 | D:6      | Found a runed door.
  7866 | D:6      | Found a basalt altar of Yredelemnul.
  8109 | D:6      | Noticed Eustachio
  8117 | D:6      | Reached skill level 5 in Dodging
  8148 | D:6      | Killed Eustachio
  8148 | D:6      | Reached skill level 9 in Stealth
  8277 | D:6      | Received a gift from Nemelex Xobeh
  9065 | D:7      | Found Qygiul's Book Emporium.
  9431 | D:7      | Reached skill level 5 in Invocations
  9792 | D:7      | Reached ** piety under Nemelex Xobeh
 10226 | D:8      | Found a transporter.
 10238 | D:8      | Noticed Pikel
 10290 | D:8      | Killed Pikel
 10290 | D:8      | Reached XP level 10. HP: 67/77 MP: 15/17
 10359 | D:8      | Learned a level 3 spell: Spider Form
 10359 | D:8      | Found a transporter.
 10365 | D:8      | Received a gift from Nemelex Xobeh
 10554 | D:8      | Noticed Erica
 10910 | D:7      | Reached skill level 5 in Long Blades
 10910 | D:7      | Reached skill level 5 in Axes
 10910 | D:7      | Reached skill level 5 in Maces & Flails
 10910 | D:7      | Reached skill level 5 in Polearms
 10910 | D:7      | Reached skill level 5 in Staves
 10910 | D:7      | Reached skill level 5 in Slings
 10910 | D:7      | Reached skill level 5 in Bows
 10910 | D:7      | Reached skill level 5 in Crossbows
 10910 | D:7      | Reached skill level 5 in Armour
 10910 | D:7      | Reached skill level 5 in Shields
 10910 | D:7      | Reached skill level 5 in Unarmed Combat
 10910 | D:7      | Reached skill level 5 in Spellcasting
 10910 | D:7      | Reached skill level 5 in Evocations
 11620 | D:8      | Noticed Joseph
 11626 | D:8      | Noticed Harold
 11967 | D:8      | Got a warped chain mail
 11978 | D:8      | Identified the +7 chain mail "Heil" {Int+7} (You found it
                  | on level 8 of the Dungeon)
 11995 | D:8      | Killed Erica
 12079 | D:8      | Received a gift from Nemelex Xobeh
 12086 | D:8      | Found a shattered altar of Ashenzari.
 12099 | D:8      | Paralysed by a hornet for 3 turns
 12106 | D:8      | Paralysed by a hornet for 1 turns
 12547 | D:8      | HP: 3/79 [poisoned by a hornet]
 12553 | D:8      | HP: 2/79 [poisoned by a hornet]
 12559 | D:8      | HP: 1/79 [poisoned by a hornet]
 12567 | D:8      | HP: 1/79 [poisoned by a hornet]
 12963 | D:8      | Killed Harold
 13369 | D:8      | Found a glowing golden altar of the Shining One.
 13816 | D:8      | Killed Joseph
 14111 | D:9      | Found Umisi's General Store.
 14122 | D:9      | Bought a scroll of identify for 30 gold pieces
 14126 | D:9      | Received a gift from Nemelex Xobeh
 14221 | D:9      | Identified a scroll of acquirement
 14222 | D:9      | Got a pair of slimy gloves
 14228 | D:9      | Identified the +1 pair of gloves of Tinais {rF+ rC+ SInv
                  | Stlth-} (You acquired it on level 9 of the Dungeon)
 14442 | D:9      | You fall through a shaft for 2 floors!
 14442 | D:11     | Found a staircase to the Lair.
 14495 | D:11     | Reached XP level 11. HP: 74/84 MP: 19/19
 14605 | D:11     | Noticed a white ugly thing
 14610 | D:11     | Killed a white ugly thing
 14644 | D:11     | Reached *** piety under Nemelex Xobeh
 14743 | D:11     | Found a snail-covered altar of Cheibriados.
 14849 | D:11     | Received a gift from Nemelex Xobeh
 14862 | D:10     | Entered Level 10 of the Dungeon
 15074 | D:10     | Reached skill level 5 in Conjurations
 15074 | D:10     | Reached skill level 5 in Hexes
 15074 | D:10     | Reached skill level 5 in Charms
 15074 | D:10     | Reached skill level 5 in Summonings
 15074 | D:10     | Reached skill level 5 in Necromancy
 15074 | D:10     | Reached skill level 5 in Translocations
 15074 | D:10     | Reached skill level 5 in Transmutations
 15074 | D:10     | Reached skill level 5 in Fire Magic
 15074 | D:10     | Reached skill level 5 in Ice Magic
 15074 | D:10     | Reached skill level 5 in Air Magic
 15074 | D:10     | Reached skill level 5 in Earth Magic
 15074 | D:10     | Reached skill level 5 in Poison Magic
 15336 | D:10     | Noticed Maurice
 15341 | D:10     | Killed Maurice
 15341 | D:10     | Reached skill level 10 in Stealth
 15688 | D:10     | Reached **** piety under Nemelex Xobeh
 15770 | D:10     | Received a gift from Nemelex Xobeh
 16247 | D:10     | Noticed an unseen horror
 16256 | D:10     | Killed an unseen horror
 16439 | D:11     | Noticed an unseen horror
 16444 | D:11     | Killed an unseen horror
 16611 | D:11     | Found a staircase to the Orcish Mines.
 17083 | Lair:1   | Entered Level 1 of the Lair of Beasts
 17083 | Lair:1   | Received a gift from Nemelex Xobeh
 17083 | Lair:1   | Noticed Grum
 17084 | Lair:1   | Killed Grum
 17094 | D:11     | Reached XP level 12. HP: 76/93 MP: 14/22
 17363 | Lair:1   | Got a warped rapier
 17368 | Lair:1   | Identified the cursed +1 rapier "Sivoycw" {vamp, +Rage
                  | rElec rN++ Dex-3} (You found it on level 1 of the Lair of
                  | Beasts)
 17394 | Lair:1   | Noticed Urug
 17404 | Lair:1   | Killed Urug
 17940 | Lair:1   | Received a gift from Nemelex Xobeh
 18231 | Lair:1   | Got an ancient ring mail
 18243 | Lair:1   | Identified the +6 ring mail of Inquiry {rF++} (You found it
                  | on level 1 of the Lair of Beasts)
 18328 | Lair:2   | Found a staircase to the Snake Pit.
 19739 | Lair:3   | Reached ***** piety under Nemelex Xobeh
 19758 | Lair:3   | Received a gift from Nemelex Xobeh
 20004 | Lair:3   | Received a gift from Nemelex Xobeh
 20148 | Lair:3   | Received a gift from Nemelex Xobeh
 20656 | Lair:3   | Reached XP level 13. HP: 101/101 MP: 24/24
 20866 | Lair:4   | Received a gift from Nemelex Xobeh
 20918 | Lair:4   | Received a gift from Nemelex Xobeh
 21321 | Lair:4   | Received a gift from Nemelex Xobeh
 21665 | Lair:4   | Received a gift from Nemelex Xobeh
 21719 | Lair:4   | Reached skill level 11 in Stealth
 21891 | Lair:4   | Found a staircase to the Swamp.
 22334 | Lair:5   | Found a labyrinth entrance.
 22349 | Lab      | Entered a labyrinth
 22450 | Lab      | Received a gift from Nemelex Xobeh
 22528 | Lab      | Noticed a minotaur
 22533 | Lab      | Killed a minotaur
 22572 | Lab      | Found the ring of the Mage {Wiz MR++ Int+3}
 22576 | Lab      | Got a pitted morningstar
 22593 | Lab      | Identified the +6 morningstar of Hykk {protect, *Drain
                  | rPois rC+++ MR+} (You found it in a labyrinth)
 22647 | Lair:5   | Received a gift from Nemelex Xobeh
 22715 | Lair:5   | Reached ****** piety under Nemelex Xobeh
 22884 | Lair:5   | Received a gift from Nemelex Xobeh
 22933 | Lair:5   | Found a runed door.
 22935 | Lair:5   | Noticed Dukluodd's ghost (journeyman HaGl)
 23030 | Lair:5   | Noticed Josephine
 23043 | Lair:5   | Killed Josephine
 23779 | Lair:5   | Killed Dukluodd's ghost
 23939 | Lair:5   | Got a slimy trident {pain}
 23941 | Lair:5   | Identified the +9 trident "Embalmer" {pain, rC+ MR+ Int+3
                  | Stlth+} (You took it off a spriggan on level 5 of the Lair
                  | of Beasts)
 24042 | Lair:6   | Entered Level 6 of the Lair of Beasts
 24053 | Lair:6   | Received a gift from Nemelex Xobeh
 24055 | Lair:6   | Gained mutation: You are occasionally teleported next to
                  | monsters. [potion of mutation]
 24055 | Lair:6   | Gained mutation: You expend magic power (3 MP) to
                  | strengthen your wands. [potion of mutation]
 24706 | Lair:6   | Received a gift from Nemelex Xobeh
 24728 | Lair:6   | Reached XP level 14. HP: 97/109 MP: 26/26
 25325 | Lair:6   | Reached skill level 10 in Fighting
 25325 | Lair:6   | Reached skill level 10 in Short Blades
 25325 | Lair:6   | Reached skill level 10 in Throwing
 25393 | Lair:6   | Identified the Compendium of Attacks and Unholy Secrets
 25535 | Lair:6   | Found a staircase to the Slime Pits.
 25570 | Lair:6   | Received a gift from Nemelex Xobeh
 26171 | D:12     | Found an opulent altar of Gozag.
 26292 | D:12     | Received a gift from Nemelex Xobeh
 26584 | D:12     | Learned a level 5 spell: Blade Hands
 26808 | D:12     | Noticed an iron dragon
 26808 | D:12     | a yak changed into an iron dragon
 26822 | D:12     | Killed an iron dragon
 27547 | D:13     | Got a pair of spiked boots
 27558 | D:13     | Identified the +3 pair of boots of Exclusion {MR+ Str+3
                  | Dex-4} (You acquired it on level 13 of the Dungeon)
 27600 | D:13     | Found Puatt's Magic Scroll Shoppe.
 27605 | D:13     | Bought a scroll of teleportation for 54 gold pieces
 27605 | D:13     | Bought 2 scrolls of teleportation for 108 gold pieces
 27605 | D:13     | Bought a scroll of teleportation for 54 gold pieces
 27605 | D:13     | Bought a scroll of blinking for 135 gold pieces
 27754 | D:13     | Received a gift from Nemelex Xobeh
 28114 | D:13     | Reached skill level 10 in Invocations
 30515 | D:14     | Reached skill level 12 in Stealth
 30755 | D:14     | Found Zaotiamyu's Magic Scroll Shoppe.
 30824 | D:14     | Reached XP level 15. HP: 109/117 MP: 28/28
 31079 | D:14     | Found a gate to the Vaults.
 31252 | D:14     | Reached skill level 10 in Dodging
 31298 | D:15     | Entered Level 15 of the Dungeon
 31458 | D:15     | Received a gift from Nemelex Xobeh
 33720 | D:15     | Reached skill level 10 in Long Blades
 33720 | D:15     | Reached skill level 10 in Axes
 33720 | D:15     | Reached skill level 10 in Maces & Flails
 33720 | D:15     | Reached skill level 10 in Polearms
 33720 | D:15     | Reached skill level 10 in Staves
 33720 | D:15     | Reached skill level 10 in Slings
 33720 | D:15     | Reached skill level 10 in Bows
 33720 | D:15     | Reached skill level 10 in Crossbows
 33720 | D:15     | Reached skill level 10 in Armour
 33720 | D:15     | Reached skill level 10 in Shields
 33720 | D:15     | Reached skill level 10 in Unarmed Combat
 33720 | D:15     | Reached skill level 10 in Spellcasting
 33720 | D:15     | Reached skill level 10 in Evocations
 33735 | D:15     | Found a staircase to the Depths.
 34415 | Snake:1  | Entered Level 1 of the Snake Pit
 34508 | D:9      | Bought the +0 buckler "Kisyuppa" {*Corrode rElec MR+} for
                  | 277 gold pieces
 34508 | D:9      | Bought a potion of curing for 45 gold pieces
 34606 | Snake:1  | Received a gift from Nemelex Xobeh
 34675 | Snake:1  | Found Tiqa's Gadget Shop.
 34675 | Snake:1  | Found Tunek's Food Boutique.
 35231 | Snake:1  | Received a gift from Nemelex Xobeh
 36534 | Snake:1  | Received a gift from Nemelex Xobeh
 36631 | Snake:1  | Learned a level 3 spell: Regeneration
 36883 | Snake:2  | Reached XP level 16. HP: 78/125 MP: 28/30
 36929 | Snake:2  | Noticed Vashnia
 37020 | Snake:2  | Received a gift from Nemelex Xobeh
 37029 | Snake:2  | Noticed Agnes
 37045 | Snake:2  | Killed Agnes
 37402 | Snake:2  | Received a gift from Nemelex Xobeh
 37407 | Snake:2  | Noticed Kirke
 37413 | Snake:2  | Killed Kirke
 37704 | Snake:2  | Received a gift from Nemelex Xobeh
 38000 | Snake:2  | Shot with an arrow by Vashnia

Vault maps used:
D:1:      roderic_octagonal_star, serial_forest, infiniplex_forest_clump_medium,
          infiniplex_forest_end_1, infiniplex_forest_diagonal,
          infiniplex_forest_diagonal, lexackson_kobold_supper
D:2:      first_ration
D:3:      cheibrodos_thug_alley, yredelemnul_forgotten_temple_becter,
          chequers_ecumenical_altar_island, st_stairs_1, minmay_door_square
D:4:      uniq_robin
D:5:      minmay_temple_entry_hall, portal_sewer_entry_f
D:6:      old_forge, dk_yredelemnul_ordeal, uniq_eustachio, uniq_blork_the_orc
D:7:      serial_shops, shop
D:8:      gammafunk_steamed_eel, hangedman_pestilent_swarm,
          minmay_item_behind_shaft, hangedman_feature_mirror,
          nicolae_zen_rock_garden, uniq_erica, uniq_harold, uniq_joseph,
          uniq_pikel
D:9:      serial_shops, shop
D:10:     serial_ice, serial_ice_i, serial_ice_e, serial_ice_m, serial_ice_h,
          serial_ice_d, serial_ice_c, serial_ice_o, uniq_maurice
D:11:     david_lair_shrubbed, orc_0_dummy, cheibriados_altar_1
D:12:     minivault_16, nicolae_gozag_seed_capital
D:13:     serial_shops, shop, minivault_27, minmay_protected_statue
D:14:     david_vaults_5, serial_shops, shop
D:15:     gammafunk_depths_entry_grave
Temple:   grunt_wide_crystal_templ
Lair:1:   grunt_megastairs_4, uniq_urug, uniq_grum
Lair:2:   minmay_snake_entry_six_corridors, minmay_lair_oklob_chamber
Lair:3:   cheibrodos_lair_reptile_den, infiniplex_staircase_pool_2
Lair:4:   nicolae_swamp_entry_splash_gauntlet, serial_bayou_shore_b
Lair:5:   ebering_ghost_funeral_grove, lab_entry_generic,
          chequers_serial_rivers_micro_e, uniq_josephine
Lair:6:   grunt_lair_end_beastmaster, minmay_slime_entry_jelly_boxes,
          grunt_megastairs_1
Snake:1:  minmay_shoptagon
Snake:2:  abandoned_shop, uniq_vashnia, uniq_kirke, uniq_agnes
Lab:      labyrinth_hidden_loot, nicolae_lab_plus, nicolae_lab_big_swirl,
          lab_hedge
Sewer:    sewer_frog_island_02

Skill      XL: |  1  2  3  4  5  6  7  8  9 10 11 12 13 14 15 |
---------------+----------------------------------------------+-----
Invocations    | 1 2 3 4 5 6 7 8 9 10 11 | 11.4
Long Blades    | 1 2 3 4 5 6 7 8 9 10 | 10.5
Axes           | 1 2 3 4 5 6 7 8 9 10 | 10.5
Maces & Flails | 1 2 3 4 5 6 7 8 9 10 | 10.5
Polearms       | 1 2 3 4 5 6 7 8 9 10 | 10.5
Staves         | 1 2 3 4 5 6 7 8 9 10 | 10.5
Slings         | 1 2 3 4 5 6 7 8 9 10 | 10.5
Bows           | 1 2 3 4 5 6 7 8 9 10 | 10.5
Crossbows      | 1 2 3 4 5 6 7 8 9 10 | 10.5
Armour         | 1 2 3 4 5 6 7 8 9 10 | 10.5
Shields        | 1 2 3 4 5 6 7 8 9 10 | 10.5
Unarmed Combat | 1 2 3 4 5 6 7 8 9 10 | 10.5
Spellcasting   | 1 2 3 4 5 6 7 8 9 10 | 10.5
Evocations     | 1 2 3 4 5 6 7 8 9 10 | 10.5
Conjurations   | 1 2 3 4 5 6 7 8 |  8.9
Hexes          | 1 2 3 4 5 6 7 8 |  8.9
Charms         | 1 2 3 4 5 6 7 8 |  8.9
Summonings     | 1 2 3 4 5 6 7 8 |  8.9
Necromancy     | 1 2 3 4 5 6 7 8 |  8.9
Translocations | 1 2 3 4 5 6 7 8 |  8.9
Transmutations | 1 2 3 4 5 6 7 8 |  8.9
Fire Magic     | 1 2 3 4 5 6 7 8 |  8.9
Ice Magic      | 1 2 3 4 5 6 7 8 |  8.9
Air Magic      | 1 2 3 4 5 6 7 8 |  8.9
Earth Magic    | 1 2 3 4 5 6 7 8 |  8.9
Poison Magic   | 1 2 3 4 5 6 7 8 |  8.9
Dodging        | 3 4 5 6 7 8 9 10 | 10.8
Stealth        | 8 9 10 11 12 | 12.7
Fighting       | 5 6 7 8 9 10 11 | 11.4
Short Blades   | 5 6 7 8 9 10 11 | 11.4
Throwing       | 5 6 7 8 9 10 11 | 11.4

Action                   |  1- 3 |  4- 6 |  7- 9 | 10-12 | 13-15 | 16-18 || total
-------------------------+-------+-------+-------+-------+-------+-------++-------
Melee: Dagger            |    95 |   236 |   791 |    79 |       |       ||  1201
       Bite              |     8 |    24 |    99 |   112 |   142 |    12 ||   397
       Punch             |       |     3 |    13 |    20 |    48 |       ||    84
       Scimitar          |       |       |       |   529 |    62 |       ||   591
       Trident           |       |       |       |       |  1013 |   110 ||  1123
       Morningstar       |       |       |       |       |    50 |       ||    50
       Unarmed           |       |       |       |       |    11 |       ||    11
 Cast: Blade Hands       |       |       |       |       |     2 |       ||     2
       Regeneration      |       |       |       |       |       |    30 ||    30
Invok: Deal Four         |       |       |       |     1 |       |       ||     1
       Stack Five        |       |       |       |     1 |     4 |     1 ||     6
Evoke: Deck              |       |       |     4 |    51 |    65 |     9 ||   129
       Wand              |       |       |       |       |     6 |     5 ||    11
       Sack of spiders   |       |       |       |       |     1 |       ||     1
  Use: Scroll            |       |       |    17 |     9 |    19 |     4 ||    49
       Potion            |       |       |     1 |     2 |     4 |     2 ||     9
 Stab: Sleeping          |    10 |     8 |    21 |     8 |    22 |     1 ||    70
       Distracted        |     2 |       |     1 |     1 |    16 |     1 ||    21
       Confused          |       |       |       |       |       |     5 ||     5
  Eat: Chunk             |       |     7 |    11 |    18 |    13 |       ||    49
       Ration            |       |       |     4 |     5 |    12 |     2 ||    23
Armor: Robe              |    11 |       |       |    21 |       |       ||    32
       Ring mail         |    10 |    66 |   227 |    78 |   461 |    30 ||   872
       Chain mail        |       |       |       |   313 |       |       ||   313
Dodge: Dodged            |    55 |   138 |   516 |   481 |   841 |    60 ||  2091
Block: Buckler           |       |       |       |       |    45 |    21 ||    66
       Rpst.: Scimitar   |       |       |       |   105 |    10 |       ||   115

Table legend:
 A = Non-vault XP
 B = Vault XP
 C = Vault XP percentage of total XP
 D = Non-vault monster count
 E = Vault monster count
 F = Vault count percentage of total count
                 A         B        C        D         E       F
            +---------+---------+-------+---------+---------+-------
      Total |  108507 |   34963 |  24.4 |     612 |     244 |  28.5
            +---------+---------+-------+---------+---------+-------
        D:1 |      46 |      13 |  22.0 |      26 |       8 |  23.5
        D:2 |     225 |       0 |   0.0 |      24 |       0 |   0.0
        D:3 |     121 |     215 |  64.0 |      23 |      13 |  36.1
        D:4 |     448 |      34 |   7.1 |      16 |      11 |  40.7
        D:5 |     956 |      11 |   1.1 |      18 |       5 |  21.7
        D:6 |     612 |     805 |  56.8 |      28 |      16 |  36.4
        D:7 |     836 |       0 |   0.0 |      23 |       0 |   0.0
        D:8 |     589 |    2799 |  82.6 |      18 |      10 |  35.7
        D:9 |     511 |       0 |   0.0 |      18 |       0 |   0.0
       D:10 |    2941 |    1640 |  35.8 |      26 |      18 |  40.9
       D:11 |    3637 |     690 |  15.9 |      29 |       5 |  14.7
       D:12 |    6457 |       0 |   0.0 |      40 |       0 |   0.0
       D:13 |    7579 |       0 |   0.0 |      32 |       0 |   0.0
       D:14 |   13404 |    5071 |  27.4 |      57 |      11 |  16.2
       D:15 |   14721 |    4338 |  22.8 |      43 |       8 |  15.7
     Lair:1 |     983 |     755 |  43.4 |       7 |       2 |  22.2
     Lair:2 |    6180 |    1063 |  14.7 |      35 |      16 |  31.4
     Lair:3 |    4088 |     273 |   6.3 |      17 |       7 |  29.2
     Lair:4 |    3724 |     518 |  12.2 |      15 |       4 |  21.1
     Lair:5 |    3137 |    2791 |  47.1 |      15 |       9 |  37.5
     Lair:6 |   10519 |    7478 |  41.6 |      40 |      33 |  45.2
    Snake:1 |   15393 |       0 |   0.0 |      35 |       0 |   0.0
    Snake:2 |   11400 |    5204 |  31.3 |      27 |       7 |  20.6
        Lab |       0 |     922 | 100.0 |       0 |       2 | 100.0
      Sewer |       0 |     343 | 100.0 |       0 |      59 | 100.0
            +---------+---------+-------+---------+---------+-------
